Map: Undercurrent LE

Players

Computer - Winner!

  • Race: Zerg Zerg
  • Spawn Location: 7:00

David - Winner!

  • Race: Terran Terran
  • Spawn Location: 7:00

Redeemer

  • Race: Protoss Protoss
  • Spawn Location: 1:00

NoMore

  • Race: Protoss Protoss
  • Spawn Location: 3:00

VOD

Have the link to the VOD?

Description

Time

  • Played on: April 10, 2025, 1:18 p.m.
  • Length: 10:47
Show
View Real Time Build Order
Export as new Build Order

Computer Zerg - Winner!

Build Orders:  

Get SALT Encoding   

Show
View Real Time Build Order
Export as new Build Order

David Terran - Winner!

Build Orders:  

Get SALT Encoding   

  12  0:01  SCV  
  13  0:13  SCV  
  14  0:18  Supply Depot  
  14  0:32  SCV, Refinery  
  15  0:42  Barracks  
  15  0:51  SCV  
  16  0:57  Command Center  
  16  1:03  SCV  
  17  1:29  Orbital Command  
  17  1:31  Barracks Reactor  
  17  1:35  Engineering Bay  
  17  2:00  Refinery  
  17  2:01  SCV  
  18  2:05  Factory  
  18  2:07  Marine x2  
  20  2:11  SCV  
  20  2:13  SCV  
  20  2:15  Refinery  
  22  2:23  SCV  
  22  2:24  Marine  
  22  2:25  SCV, Marine  
  26  2:35  SCV  
  27  2:37  SCV  
  27  2:41  Refinery  
  27  2:42  Marine  
  27  2:43  Marine  
  30  2:47  SCV  
  30  2:49  Terran Infantry Weapons Level 1  
  30  2:51  Factory Tech Lab  
  31  2:58  Barracks  
  31  3:00  SCV x2, Marine  
  31  3:01  Marine  
  35  3:07  Supply Depot  
  36  3:12  SCV  
  36  3:13  SCV  
  37  3:21  Marine  
  38  3:28  Marine  
  38  3:29  Supply Depot, SCV, Siege Tank  
  43  3:39  Marine  
  43  3:41  SCV  
  45  3:46  Marine  
  46  3:49  Barracks Tech Lab  
  46  3:50  Barracks  
  46  3:53  SCV  
  46  3:54  Supply Depot  
  47  3:56  Marine  
  47  4:01  SCV  
  49  4:04  Marine  
  49  4:05  Siege Tank, SCV  
  49  4:08  Combat Shield  
  54  4:15  SCV, Marine  
  54  4:16  Supply Depot, Marauder  
  58  4:20  SCV  
  58  4:22  Marine  
  60  4:28  SCV  
  61  4:32  SCV  
  61  4:37  Barracks Tech Lab  
  61  4:38  Marine, Marauder  
  65  4:39  Supply Depot  
  65  4:40  SCV, Marine  
  65  4:44  SCV  
  65  4:45  Starport  
  68  4:52  SCV  
  69  4:55  Marine  
  70  5:01  Marine  
  70  5:02  Supply Depot  
  71  5:12  Orbital Command  
  71  5:13  Marine  
  72  5:17  SCV  
  72  5:18  Marine  
  74  5:24  Starport Tech Lab  
  74  5:29  SCV  
  74  5:31  Supply Depot  
  75  5:39  Terran Infantry Armor Level 1  
  75  5:40  Marine x2  
  75  5:41  SCV  
  75  5:42  Marauder  
  82  5:43  Marauder  
  82  5:45  Siege Tank  
  85  5:53  Medivac  
  85  5:54  Supply Depot  
  87  5:58  Marine x2  
  87  5:59  Supply Depot  
  87  6:04  Marauder x2  
  93  6:15  Marine  
  93  6:16  Marine  
  93  6:17  Supply Depot  
  95  6:22  Supply Depot  
  95  6:25  Marauder x2  
  99  6:27  Medivac  
  101  6:33  Siege Tank, Marine  
  101  6:34  Marine  
  101  6:38  Supply Depot  
  106  6:46  Marauder  
  110  6:47  Marauder  
  110  6:51  Marine  
  110  6:52  Marine  
  112  6:57  Armory, Medivac  
  112  7:00  Supply Depot  
  114  7:08  Marauder x2  
  118  7:09  Marine x2  
  120  7:19  Siege Tank  
  123  7:23  Supply Depot  
  123  7:24  Concussive Shells, Stimpack  
  123  7:27  Marine x2, Medivac  
  127  7:44  Marine  
  127  7:45  Marine  
  127  7:46  Terran Vehicle Weapons Level 1  
  127  7:47  Supply Depot  
  129  7:51  Siege Tank  
  129  7:57  Terran Infantry Weapons Level 2  
  132  8:02  Marine  
  132  8:03  Marine  
  134  8:10  Supply Depot  
  134  8:20  Marine  
  134  8:21  Marine  
  134  8:24  Siege Tank  
  139  8:33  Supply Depot  
  139  8:40  Marine  
  139  8:41  Marine  
  141  8:43  Marauder x2  
  145  8:56  Siege Tank  
  145  8:58  Marine  
  145  8:59  Marine  
  150  9:04  Marauder  
  150  9:05  Marauder  
  154  9:16  Marine x2  
  146  9:26  Marauder x2  
  146  9:28  Siege Tank  
  148  9:34  Marine x2  
  146  9:47  Marauder  
  146  9:48  Marauder  
  150  10:08  Marauder  
  150  10:09  Marauder  
Show
View Real Time Build Order
Export as new Build Order

Redeemer Protoss 

Build Orders:  

Get SALT Encoding   

  12  0:01  Probe  
  13  0:18  Probe  
  14  0:30  Probe  
  14  0:33  Pylon  
  15  0:46  Assimilator  
  15  0:49  Probe  
  16  0:58  Probe  
  16  1:01  Gateway  
  17  1:05  Gateway  
  17  1:07  Probe  
  18  1:23  Probe  
  19  1:39  Probe  
  20  1:47  Pylon  
  20  1:49  Zealot  
  20  1:51  Probe  
  23  1:56  Assimilator  
  23  2:02  Pylon  
  23  2:07  Zealot  
  25  2:09  Probe  
  26  2:35  Cybernetics Core  
  26  2:39  Forge  
  26  2:41  Zealot x2  
  30  2:50  Pylon  
  30  2:54  Probe  
  31  3:03  Protoss Ground Weapons Level 1  
  31  3:20  Robotics Facility  
  31  3:24  Zealot x2  
  31  3:26  Probe  
  36  3:35  Nexus  
  36  3:39  Pylon  
  36  3:46  Pylon  
  36  3:48  Probe  
  37  4:06  Photon Cannon  
  37  4:07  Photon Cannon  
  37  4:13  Stalker, Probe  
  40  4:23  Sentry  
  42  4:29  Assimilator  
  42  4:31  Probe  
  43  4:46  Immortal  
  43  4:49  Protoss Shields Level 1  
  47  4:54  Probe  
  48  5:02  Probe  
  48  5:06  Probe  
  50  5:22  Gateway  
  50  5:26  Stalker  
  50  5:28  Pylon  
  50  5:29  Zealot  
  54  5:41  Observer  
  55  6:07  Stalker  
  55  6:08  Stalker  
  55  6:10  Stalker  
  61  6:25  Probe  
  62  6:36  Probe  
  62  6:37  Probe  
  64  6:43  Stalker x2  
  64  6:44  Stalker  
  70  6:49  Probe  
  70  6:52  Immortal  
  75  7:01  Probe  
  76  7:08  Protoss Ground Armor Level 1  
  76  7:13  Probe  
  77  7:17  Forge  
  77  7:25  Probe  
  77  7:27  Twilight Council  
  78  7:39  Sentry x2  
  81  8:42  Assimilator  
  81  8:48  Observer  
Show
View Real Time Build Order
Export as new Build Order

NoMore Protoss 

Build Orders:  

Get SALT Encoding   

Tags
 
Add a new tag
Caveats
  • Supply blocks, unpowered buildings, or Contaminate may cause inaccurate times.
  • Supply counts are checked every 10 seconds.